 Dungeon Crawl Stone Soup version 0.30-a0-165-g1891117ce2 (webtiles) character file.

Game seed: 8683189017026468223

745 qw the Chopper (level 7, -1/43 HPs)
             Began as a Gargoyle Fighter on Sept 28, 2022.
             Slain by a gnoll
             ... wielding a +0 club
             ... led by a gnoll sergeant
              (3 damage)
             ... on level 6 of the Dungeon.
             The game lasted 00:01:33 (5296 turns).

qw the Chopper (Gargoyle Fighter)                   Turns: 5296, Time: 00:01:33

Health: -1/43      AC: 21    Str: 20 (22) XL:     7   Next: 76%
Magic:  7/7        EV: 21    Int:  8      God:
Gold:   157        SH:  5    Dex: 15      Spells: 6/6 levels left

rFire   . . .      SeeInvis .    Y - +0 war axe
rCold   . . .      Faith    .    c - +0 buckler
rNeg    + . .      Spirit   .    s - +0 plate armour
rPois   inf        Reflect  .    l - +0 helmet
rElec   +          Harm     .    (no cloak)
rCorr   .          Rampage  .    k - +1 pair of gloves
Will    .....                    j - +0 pair of boots
Stlth   ..........               h - amulet of the acrobat
HPRegen 0.14/turn                q - +6 ring of dexterity
MPRegen 0.10/turn                (no ring)

@: about to teleport, acrobatic
A: sickness immunity, AC +4, negative energy resistance 1, electricity
resistance, torment resistance 1, petrification resistance
a: no special abilities


You were on level 6 of the Dungeon.
You visited 1 branch of the dungeon, and saw 6 of its levels.

You collected 251 gold pieces.
You spent 94 gold pieces at shops.


Innate Abilities, Weirdness & Mutations

You are immune to sickness and miasma.
Your stone body is resilient. (AC +4)
You are immune to poison.
You resist negative energy. (rN+)
You are resistant to electric shocks. (rElec)
You are resistant to unholy torment.
You are immune to petrification.


   Skills:
 - Level 4.1 Fighting
 + Level 6.3 Axes
 - Level 1.2 Throwing
 - Level 4.3 Armour
 - Level 2.2 Dodging
 - Level 3.2 Shields


You had 6 spell levels left.
You didn't know any spells.
Your spell library was empty.

Inventory:

Hand Weapons
 g - a +0 flail
 Y - a +0 war axe (weapon)
Missiles
 b - a javelin (quivered)
 e - 2 boomerangs
 r - 2 silver boomerangs
Armour
 c - a +0 buckler (worn)
 j - a +0 pair of boots (worn)
 k - a +1 pair of gloves (worn)
 l - a +0 helmet (worn)
 s - a +0 plate armour (worn)
Jewellery
 h - an amulet of the acrobat (around neck)
 q - a +6 ring of dexterity (left hand)
Scrolls
 t - a scroll of identify
Potions
 a - a potion of mutation {unknown}
 d - 2 potions of might
 i - a potion of cancellation {unknown}
 m - a potion of heal wounds {unknown}
 n - a potion of brilliance {unknown}
 o - a potion of attraction
 p - a potion of curing

Dungeon Overview and Level Annotations

Branches:
Dungeon (6/15)             Temple (0/1) D:5

Altars:
Elyvilon
Kikubaaqudgha
Nemelex Xobeh

Shops:
D:5 [(

Annotations:
D:3 3 runed translucent doors, qw's ghost, amateur GrFi


Message History

The gnoll hits you but does no damage.
The gnoll sergeant hits you but does no damage.
The gnoll moves out of view.
You slash the gnoll!
You kill the gnoll!
You barely miss the gnoll. The gnoll barely misses you.
The gnoll sergeant hits you but does no damage.
You hit the gnoll but do no damage.
The gnoll is severely wounded.
The gnoll hits you but does no damage. The gnoll sergeant closely misses you.
You hit the gnoll but do no damage.
The gnoll is severely wounded.
The gnoll barely misses you. You block the gnoll sergeant's attack.
You completely miss the gnoll.
The gnoll is severely wounded.
The gnoll hits you but does no damage. The gnoll hits you with a +0 flail.
The gnoll sergeant hits you but does no damage.
A gnoll comes into view. It is wielding a +0 club.
You block the gnoll sergeant's attack. You block the gnoll's attack.
The gnoll barely misses you.
The gnoll shouts!
You hit the gnoll.
The gnoll is almost dead.
The gnoll hits you but does no damage. You block the gnoll's attack.
The gnoll sergeant hits you but does no damage.
You closely miss the gnoll.
The gnoll is almost dead.
The gnoll hits you but does no damage. The gnoll barely misses you.
The gnoll sergeant hits you but does no damage.
You slash the gnoll!
You kill the gnoll!
The gnoll hits you but does no damage.
The gnoll sergeant hits you from afar with a +1 spear of venom!
5295 ||| READING scroll of teleportation.
As you read the scroll of teleportation, it crumbles to dust.
You feel strangely unstable. The gnoll barely misses you.
You block the gnoll sergeant's attack. The gnoll hits you with a +0 club.
You die...

#.####....#.#.#.##.##.#
#.####.##.#..###.#.#
.....#.. ...## ##..#
#.##.#.##.##.###.###
#.# #.## #.#.####.# #..
..# #......# #### ###
#...###.# #..)# #.)@#
#.ggg.(.... #....###.(#
# .....(! . .........
............
#####.......?
#...######


You could see a gnoll sergeant and 2 gnolls.

Vanquished Creatures
  2 water moccasins (D:5)
  Blork the orc (D:4)
  A scorpion (D:5)
  2 hounds (D:4)
  4 iguanas
  2 orc wizards (D:6)
  Robin (D:3)
  6 adders
  4 gnolls
  An ufetubus (D:4)
  2 dart slugs
  10 orcs
  5 ball pythons
  7 endoplasms
  A giant cockroach (D:1)
  11 goblins
  9 hobgoblins
  2 jackals (D:1)
  8 kobolds
  3 quokkas (D:1)
  A bat (D:1)
  A frilled lizard (D:1)
  5 rats
89 creatures vanquished.

Vanquished Creatures (others)
  5 plants (D:4)
5 creatures vanquished.

Grand Total: 94 creatures vanquished

Notes
Turn   | Place    | Note
-------+----------+-------------------------------------------
     0 | D:1      | qw the Gargoyle Fighter began the quest for the Orb.
     0 | D:1      | Reached XP level 1. HP: 14/14 MP: 1/1
     0 | D:1      | 0 ||| qw: Version: 0.2-a-12-gaebbb33
     0 | D:1      | 0 ||| qw: Game counter: 747
     0 | D:1      | 0 ||| qw: Always use a shield: true
     0 | D:1      | 0 ||| qw: God list: Okawaru
     0 | D:1      | 0 ||| qw: Allow faded altars: false
     0 | D:1      | 0 ||| qw: Do Orc after D:15 true
     0 | D:1      | 0 ||| qw: Do second Lair branch before Depths: true
     0 | D:1      | 0 ||| qw: Lair rune preference: random
     0 | D:1      | 0 ||| qw: Plans: Normal, Zot:1-4, God:TSO, Crypt, Tomb,
                  | Pan, Slime:5, Hells, Abyss, Orb
     0 | D:1      | 0 ||| PLANNING D:1-11
    58 | D:1      | Reached skill level 2 in Axes
   149 | D:1      | Found a faded altar of an unknown god.
   176 | D:1      | Reached XP level 2. HP: 19/19 MP: 2/2
   208 | D:1      | 208 ||| Stepping ~*~*~tactically~*~*~ (stealth).
   209 | D:1      | 209 ||| Stepping ~*~*~tactically~*~*~ (stealth).
   251 | D:1      | Reached skill level 3 in Axes
   371 | D:1      | Reached XP level 3. HP: 20/23 MP: 3/3
   574 | D:1      | 574 ||| Stepping ~*~*~tactically~*~*~ (stealth).
   858 | D:1      | 858 ||| READING 2 scrolls labelled SOSEJUP DOYZABB.
   859 | D:1      | 859 ||| READING scroll labelled CAUCKOASIST.
   863 | D:1      | 863 ||| READING scroll labelled URCHOET MIYSI.
   864 | D:1      | 864 ||| DROPPING scroll of magic mapping.
  1043 | D:2      | 1043 ||| Stepping ~*~*~tactically~*~*~ (stealth).
  1347 | D:2      | Reached XP level 4. HP: 28/28 MP: 4/4
  1525 | D:2      | 1525 ||| UPGRADING to +0 pair of boots.
  1530 | D:2      | 1530 ||| UPGRADING to amulet of the acrobat.
  1535 | D:2      | 1535 ||| READING scroll labelled VUTSUMP ERALAZ.
  1720 | D:3      | Noticed Robin
  1721 | D:3      | 1721 ||| Stepping ~*~*~tactically~*~*~ (hiding).
  1792 | D:3      | Killed Robin
  1793 | D:3      | Reached skill level 4 in Axes
  1850 | D:3      | 1850 ||| DROPPING +0 mace.
  1875 | D:3      | 1875 ||| Stepping ~*~*~tactically~*~*~ (hiding).
  1877 | D:3      | 1877 ||| Stepping ~*~*~tactically~*~*~ (hiding).
  1878 | D:3      | 1878 ||| Stepping ~*~*~tactically~*~*~ (hiding).
  2183 | D:3      | HP: 4/28 [orc/+0 trident (6)]
  2184 | D:3      | 2184 ||| READING 2 scrolls of teleportation.
  2395 | D:3      | Reached XP level 5. HP: 16/32 MP: 5/5
  2439 | D:3      | 2439 ||| FLEEEEING.
  2440 | D:3      | 2440 ||| FLEEEEING.
  2812 | D:3      | Found a runed translucent gate.
  2812 | D:3      | Found a runed translucent gate.
  2812 | D:3      | Found a runed translucent gate.
  2813 | D:3      | Noticed a kobold brigand
  2814 | D:3      | Noticed qw's ghost (amateur GrFi)
  2929 | D:3      | 2929 ||| UPGRADING to +0 pair of gloves.
  2934 | D:3      | 2934 ||| UPGRADING to +0 helmet.
  2939 | D:3      | 2939 ||| READING scroll labelled FOAH ASMUT.
  2963 | D:4      | 2963 ||| STAIRDANCE
  3030 | D:4      | Noticed Blork the orc
  3031 | D:4      | 3031 ||| Stepping ~*~*~tactically~*~*~ (hiding).
  3045 | D:4      | Killed Blork the orc
  3046 | D:4      | Reached skill level 5 in Axes
  3436 | D:4      | Reached XP level 6. HP: 37/37 MP: 6/6
  3439 | D:4      | Found a sparkling altar of Nemelex Xobeh.
  3486 | D:4      | Found an ancient bone altar of Kikubaaqudgha.
  3644 | D:4      | 3644 ||| Stepping ~*~*~tactically~*~*~ (stealth).
  3741 | D:4      | Reached skill level 1 in Throwing
  3883 | D:4      | 3883 ||| READING scroll of enchant armour.
  3883 | D:4      | 3883 ||| ENCHANTING +0 pair of gloves.
  4064 | D:4      | 4064 ||| UPGRADING to +0 plate armour.
  4074 | D:4      | 4074 ||| DROPPING +0 scale mail.
  4075 | D:4      | 4075 ||| UPGRADING to +6 ring of dexterity.
  4076 | D:4      | 4076 ||| READING scroll labelled ARIN HUKLO.
  4128 | D:4      | 4128 ||| READING scroll labelled XYUPPAOPLO.
  4129 | D:4      | 4129 ||| READING scroll labelled TINUANK JUCKUZ.
  4130 | D:4      | 4130 ||| DRINKING 3 lumpy sapphire potions.
  4131 | D:4      | 4131 ||| DROPPING 2 potions of degeneration.
  4165 | D:5      | Entered Level 5 of the Dungeon
  4172 | D:5      | 4172 ||| Stepping ~*~*~tactically~*~*~ (stealth).
  4264 | D:5      | Noticed a water moccasin
  4275 | D:5      | Killed a water moccasin
  4283 | D:5      | Reached XP level 7. HP: 32/43 MP: 7/7
  4375 | D:5      | Found Qicwi's Antique Weapon Boutique.
  4426 | D:5      | 4426 ||| BUYING flail (94 gold).
  4426 | D:5      | Bought a flail for 94 gold pieces
  4426 | D:5      | 4426 ||| SHOPLISTING glowing war axe (175 gold, have 116).
  4426 | D:5      | 4426 ||| DROPPING +2 whip of flaming.
  4448 | D:5      | Found Nyecs's Armour Emporium.
  4461 | D:5      | 4461 ||| SHOPLISTING +2 plate armour of willpower (520
                  | gold, have 123).
  4677 | D:5      | Found a staircase to the Ecumenical Temple.
  4709 | D:5      | Found a white marble altar of Elyvilon.
  5010 | D:5      | 5010 ||| READING 2 scrolls labelled PICUOR UMUP.
  5011 | D:5      | 5011 ||| DRINKING 2 ruby potions.
  5012 | D:5      | 5012 ||| DRINKING 3 cyan potions.
  5087 | D:6      | 5087 ||| Stepping ~*~*~tactically~*~*~ (hiding).
  5092 | D:6      | 5092 ||| DRINKING 2 potions of curing.
  5092 | D:6      | 5092 ||| (to cure confusion)
  5096 | D:6      | Reached skill level 6 in Axes
  5279 | D:6      | 5279 ||| Stepping ~*~*~tactically~*~*~ (hiding).
  5294 | D:6      | HP: 1/43 [gnoll sergeant/+1 spear of venom (11)]
  5295 | D:6      | 5295 ||| READING scroll of teleportation.
  5296 | D:6      | Slain by a gnoll

Levels and vault maps discovered:
D:1:      psy_arrival_basics, layout_loops_ring, ebering_ecumenical_altar_rust,
          minmay_octomino_e4
D:2:      layout_loops_ring
D:3:      layout_loops_cross, gammafunk_ghost_nasty_kobolds, uniq_robin
D:4:      layout_loops_corners, mainiacjoe_overflow_brackets,
          nemelex_dance_club_becter, serial_bayou_lagoon_a, bh_walls_and_bars,
          uniq_blork_the_orc
D:5:      layout_loops_cross, mainiacjoe_overflow_six_doors_small,
          minmay_temple_entry_stoned_glass, serial_shops, nicolae_shop_crystal,
          nicolae_shop_advertising_works [nicolae_subvault_shop_adworks]
D:6:      layout_loops_cross, jmf_multi_god_temple

Skill      XL: |  1  2  3  4  5  6  7 |
---------------+----------------------+-----
Axes           | 2 3 4 5 6 |  6.3
Throwing       | 1 |  1.2
Dodging        | 2 |  2.2
Fighting       | 4 |  4.1
Armour         | 4 |  4.3
Shields        | |  3.2

Action                   |  1- 3 |  4- 6 |  7- 9 || total
-------------------------+-------+-------+-------++-------
Melee: War axe           |    70 |   154 |    61 ||   285
Throw: Boomerang         |    46 |    39 |       ||    85
       Javelin           |       |     2 |    13 ||    15
  Use: Scroll            |     3 |     7 |     2 ||    12
       Potion            |       |     1 |     3 ||     4
Armor: Scale mail        |    25 |    74 |       ||    99
       Plate armour      |       |    19 |    40 ||    59
Dodge: Dodged            |    31 |    81 |    19 ||   131
Block: Buckler           |    14 |    33 |    20 ||    67

Table legend:
 A = Non-vault XP
 B = Vault XP
 C = Vault XP percentage of total XP
 D = Non-vault monster count
 E = Vault monster count
 F = Vault count percentage of total count
                 A         B        C        D         E       F
            +---------+---------+-------+---------+---------+-------
      Total |     910 |     155 |  14.6 |      72 |      17 |  19.1
            +---------+---------+-------+---------+---------+-------
        D:1 |      31 |      18 |  36.7 |      16 |       4 |  20.0
        D:2 |      33 |       0 |   0.0 |      13 |       0 |   0.0
        D:3 |      57 |      33 |  36.7 |      11 |      10 |  47.6
        D:4 |     105 |     104 |  49.8 |      11 |       3 |  21.4
        D:5 |     505 |       0 |   0.0 |       9 |       0 |   0.0
        D:6 |     179 |       0 |   0.0 |      12 |       0 |   0.0
            +---------+---------+-------+---------+---------+-------
